 Dungeon Crawl Stone Soup version 0.19.0-16-g73b5abf (webtiles) character file.

84 Jerry the Charmwright (level 4, -2/36 HPs)
             Began as a Demigod Skald on Nov 11, 2016.
             Killed from afar by an orc wizard (6 damage)
             ... with a puff of flame
             ... on level 3 of the Dungeon.
             The game lasted 00:05:33 (2262 turns).

Jerry the Charmwright (Demigod Skald)               Turns: 2262, Time: 00:05:34

Health: -2/36      AC:  3    Str: 15    XL:     4   Next: 4%
Magic:  5/9        EV: 12    Int: 16    God:
Gold:   72         SH:  0    Dex: 17    Spells: 2 memorised, 2 levels left

rFire  . . .     SeeInvis .     a - +0 falchion
rCold  . . .     Gourm    .     b - +0 leather armour
rNeg   . . .     Faith    .     (no shield)
rPois  .         Spirit   .     (no helmet)
rElec  .         Reflect  .     (no cloak)
rCorr  .         Harm     .     (no gloves)
MR     .....                    (no boots)
Stlth  +.........               (no amulet)
                                (no ring)
                                (no ring)

@: lethally poisoned (-2 -> -6), infused (expiring)
A: high mp 1
a: no special abilities


You were on level 3 of the Dungeon.
You were hungry.

You visited 1 branch of the dungeon, and saw 3 of its levels.

You collected 72 gold pieces.

Inventory:

Hand Weapons
 a - a +0 falchion (weapon)
Armour
 b - a +0 leather armour (worn)
Scrolls
 e - 2 scrolls of teleportation {unknown}
 f - a scroll of amnesia {unknown}
 g - 3 scrolls of remove curse {unknown}
 k - a scroll of fog {unknown}
Potions
 h - a potion of invisibility {unknown}
 i - a potion of brilliance {unknown}
 j - a potion of lignification {unknown}
Books
 c - a book of Battle

   Spells                             Type                      Level
   a - Infusion                       Charms                       1
   b - Shroud of Golubria             Charms/Translocation         2
   c - Song of Slaying                Charms                       2
   d - Spectral Weapon                Hexes/Charms                 3
   e - Regeneration                   Charms/Necromancy            3
Comestibles
 d - 3 bread rations


   Skills:
 - Level 1.7 Fighting
 + Level 2.5 Long Blades
 + Level 1.6 Armour
 + Level 1.6 Dodging
 - Level 1.7 Spellcasting
 + Level 3.3 Charms
 + Level 1.0 Necromancy


You had 2 spell levels left.
You knew the following spells:

 Your Spells              Type           Power        Failure   Level  Hunger
a - Infusion              Chrm           ##..         10%         1    ##.....
b - Regeneration          Chrm/Necr      #.........   34%         3    ####...


Dungeon Overview and Level Annotations

Branches:
Dungeon (3/15)


Innate Abilities, Weirdness & Mutations

You have an increased reservoir of magic. (+10% MP)


Message History

The orc wizard burns you.
You miss the orc wizard.
The orc wizard is moderately wounded.
Your magical infusion is running out.
The orc wizard hits you with a dagger of flaming.
The orc wizard burns you.
You closely miss the orc wizard.
The orc wizard is lightly wounded.
You feel sick.
The orc wizard hits you with a dagger of flaming.
The orc wizard burns you.
You slash the orc wizard!
The orc wizard is severely wounded.
The orc wizard hits you with a dagger of flaming!
* * * LOW HITPOINT WARNING * * *
The orc wizard burns you.
* * * LOW HITPOINT WARNING * * *
The orc wizard gestures at you while chanting.
The puff of flame hits you!
You die...

### ### #<#
##########.#
#.#
#..........#
#.#
#.########.#
#.# #.# #(#
#.###.# #@#
#.....# #o#
#######
#.oo.o....
...........
###.........
##+####'## #


You could see an orc wizard and 2 orcs.

Vanquished Creatures
  2 adders (D:2)
  An adder zombie (D:1)
  An ooze (D:1)
  2 worms (D:2)
  3 dart slugs
  An orc (D:3)
  2 giant cockroaches (D:2)
  2 goblins (D:1)
  7 hobgoblins
  A quokka (D:2)
  5 bats
  2 frilled lizards
  A giant cockroach zombie (D:1)
  10 kobolds
  11 rats
51 creatures vanquished.

Notes
Turn   | Place    | Note
-------+----------+-------------------------------------------
     0 | D:1      | Jerry the Demigod Skald began the quest for the Orb.
     0 | D:1      | Reached XP level 1. HP: 17/17 MP: 5/5
    23 | D:1      | Reached skill level 1 in Armour
    23 | D:1      | Reached skill level 1 in Dodging
   212 | D:1      | Reached XP level 2. HP: 18/24 MP: 7/7
   434 | D:1      | Reached skill level 3 in Charms
   863 | D:1      | Reached XP level 3. HP: 27/29 MP: 8/8
  1486 | D:2      | Learned a level 3 spell: Regeneration
  2093 | D:2      | Reached XP level 4. HP: 36/36 MP: 9/9
  2250 | D:3      | Reached skill level 1 in Necromancy
  2262 | D:3      | Killed from afar by an orc wizard

Skill      XL: |  1  2  3  4 |
---------------+-------------+-----
Armour         | 1 |  1.6
Dodging        | 1 |  1.6
Long Blades    | 2 |  2.5
Charms         | 3 |  3.3
Necromancy     | 1 |  1.0
Fighting       | |  1.7
Spellcasting   | |  1.7

Action                   |  1- 3 |  4- 6 || total
-------------------------+-------+-------++-------
Melee: Falchion          |   138 |    18 ||   156
 Cast: Infusion          |     1 |     1 ||     2
  Eat: Chunk             |     4 |       ||     4
Armor: Leather armour    |    34 |     4 ||    38
Dodge: Dodged            |    89 |     9 ||    98
       Rpst.: Falchion   |    25 |     3 ||    28
